 Dungeon Crawl Stone Soup version 0.29.1-2-gbd0b4ee654 (webtiles) character file.

Game seed: 12839291252452176759

9 otct the Magician (level 2, -4/23 HPs)
             Began as a Djinni Warper on Nov 30, 2022.
             Slain by a gnoll
             ... wielding a +0 spear
              (5 damage)
             ... on level 1 of the Dungeon.
             The game lasted 00:01:14 (494 turns).

otct the Magician (Djinni Warper)                    Turns: 494, Time: 00:01:14

Health: -4/23      AC:  3    Str: 10    XL:     2   Next: 20%
Gold:   29         EV: 11    Int: 14    God:
                   SH:  0    Dex: 12

rFire   + + .      SeeInvis .   a - +0 falchion
rCold   x . .      Faith    .   (no shield)
rNeg    + . .      Spirit   .   b - +0 leather armour
rPois   ∞          Reflect  .   (no helmet)
rElec   .          Harm     .   (no cloak)
rCorr   .          Rampage  .   (no gloves)
Will    .....                   (boots unavailable)
Stlth   +.........              (no amulet)
HPRegen 0.07/turn               g - ring of positive energy
MPRegen 0.00/turn               (no ring)

@: flying
A: sickness immunity, fire resistance 2, cold vulnerability 1, float, innate
caster, HP casting, extra vitality 1
a: no special abilities


You were on level 1 of the Dungeon.
You visited 1 branch of the dungeon, and saw 1 of its levels.

You collected 29 gold pieces.

Inventory:

Hand Weapons
 a - a +0 falchion (weapon)
Missiles
 d - 7 boomerangs of dispersal (quivered)
Armour
 b - a +0 leather armour (worn)
Jewellery
 g - a ring of positive energy (left hand)
Scrolls
 c - a scroll of blinking
Potions
 e - a potion of flight {unknown}
 f - a potion of lignification {unknown}


   Skills:
 - Level 2.0 Fighting
 - Level 1.7 Long Blades
 - Level 0.7 Throwing
 - Level 1.0 Armour
 - Level 2.1 Dodging
 + Level 2.9 Spellcasting


You couldn't memorise any spells.
You knew the following spells:

 Your Spells              Type           Power      Damage    Failure   Level
a - Blink                 Tloc           20%        N/A       14%         2
b - Lesser Beckoning      Tloc           10%        N/A       26%         3
c - Gell's Gravitas       Tloc           10%        N/A       26%         3
d - Teleport Other        Tloc           10%        N/A       26%         3
e - Manifold Assault      Tloc           10%        N/A       94%         5
Your spell library was empty.

Dungeon Overview and Level Annotations

Branches:
Dungeon (1/15)

Altars:


Innate Abilities, Weirdness & Mutations

You are immune to sickness and miasma.
You are immune to poison.
Your flesh is very heat resistant. (rF++)
You are vulnerable to cold. (rC-)
You float through the air rather than walking.
You learn spells naturally, not from books.
Your magical power is your life essence.
You have superior vitality. (+4 MHP)


Message History

No target in view!
No target in view!
No target in view!
No target in view!
You now have 29 gold pieces (gained 10).
A gnoll comes into view. It is wielding a +0 spear.
The gnoll shouts!
The gnoll closely misses you.
You barely miss the gnoll. The gnoll barely misses you.
You hit the gnoll.
The gnoll is moderately wounded.
The gnoll hits you with a +0 spear. x2
You hit the gnoll.
The gnoll is severely wounded.
The gnoll closely misses you.
You closely miss the gnoll.
The gnoll is severely wounded.
The gnoll hits you with a +0 spear.
You barely miss the gnoll.
The gnoll is severely wounded.
The gnoll hits you with a +0 spear.
You barely miss the gnoll.
The gnoll is severely wounded.
The gnoll hits you with a +0 spear!
* * * LOW HITPOINT WARNING * * *
You are too injured to fight recklessly!
You are too injured to fight recklessly!
You are too injured to fight recklessly!
You are too injured to fight recklessly!
You are too injured to fight recklessly!
You are too injured to fight recklessly!
You are too injured to fight recklessly!
The gnoll hits you with a +0 spear.
* * * LOW HITPOINT WARNING * * *
Cast which spell? (? or * to list)
You don't have enough health to cast this spell.
You hit the gnoll but do no damage.
The gnoll is severely wounded.
The gnoll hits you with a +0 spear.
You die...

......# ####......#
#.... ......#
##.#.......# #....
......# #.##.#.....#
#.... ......#
##.###.....# #....
...)..# ..##.##.....#
#....
..########..####.......#
##.### ..#
#........#.###.....#
#..#
..###........#...#######
#'##
...##........#.g@..# #.#
.#..#........###...#
#######'####
.....#####+#####...#
#........... .....##
##.##......#
#.##########
......###..##......#
.......#
....#..#..#........#
#.#######.
....##...##.).##...#
#.......#
########+##...##...#
#.###'###.
....>.....+....#
#.....#.


You could see a gnoll.

Vanquished Creatures
  2 giant cockroaches (D:1)
  2 goblins (D:1)
  2 hobgoblins (D:1)
  A kobold (D:1)
  A rat (D:1)
8 creatures vanquished.

Notes
Turn   | Place    | Note
-------+----------+-------------------------------------------
     0 | D:1      | otct the Djinni Warper began the quest for the Orb.
     0 | D:1      | otct set off with the following spells memorised: Blink,
                  | Lesser Beckoning, Gell's Gravitas, Teleport Other, Manifold
                  | Assault.
     0 | D:1      | Reached XP level 1. HP: 18/18 MP: 0/0
   375 | D:1      | Reached XP level 2. HP: 18/23 MP: 0/0
   493 | D:1      | HP: 1/23 [gnoll/+0 spear (4)]
   494 | D:1      | Slain by a gnoll

Illustrated notes

Levels and vault maps discovered:
D:1:      matt_arrival_los_fun, layout_basic, amethyst_killhole

Action                   || total
-------------------------++-------
Melee: Falchion          ||    35
Armor: Leather armour    ||     5
Dodge: Dodged            ||    19
